AoeStats
← 忍者龜頭在痛

Nomad

507494410Analyzed
2v2 RM · 12d ago on Sep 18, 2026· 53m 32s· 4 players
Game mode
Random Map
Map size
176×176
Population
200
Speed
Normal
Resources
Standard
Victory
Conquest
Starting age
Dark Age
Ending age
Imperial Age
RankedLock teamsTeams togetherTeam positionsShared explorationLock speedFull tech treeHidden civsTurbo modeCheats
Victory
Defeat
🇮🇳 Huns · India
857
+15
🇫🇷 Persians · France
809
+37
🇹🇼 Ethiopians · Taiwan
900
-19
🇹🇼 Khmer · Taiwan
757
-13
FLAME-99
4:45 Loom
13:20 Feudal Age
19:13 Castle Age
19:32 Fletching
19:21 Crossbowman
39:59 Scale Barding Armor
40:16 Husbandry
48:09 Imperial Age
47:16 Bodkin Arrow
48:03 Scale Mail Armor
48:14 Arbalester
49:49 Squires
49:53 Bracer
50:30 Wheelbarrow
52:21 Heavy Camel Rider
53:48 Chain Mail Armor
忍者龜頭在痛
16:06 Feudal Age
22:05 Castle Age
24:16 Castle Age
35:34 Pikeman
37:03 Husbandry
50:41 Ballistics
53:00 Imperial Age
striker
8:02 Loom
15:31 Feudal Age
19:29 Castle Age
17:42 Double-Bit Axe
22:26 Bow Saw
24:39 Bloodlines
24:31 Husbandry
29:13 Forging
30:55 Gold Mining
30:57 Stone Mining
32:12 Pikeman
33:18 Fletching
38:49 Imperial Age
37:35 Squires
38:13 Bodkin Arrow
39:15 Iron Casting
38:47 Scale Barding Armor
40:58 Scale Mail Armor
43:58 Wheelbarrow
43:37 Padded Archer Armor
43:29 Horse Collar
45:15 Parthian Tactics
46:28 Conscription
45:50 Cavalier
48:39 Gold Shaft Mining
48:16 Thumb Ring
52:02 Blast Furnace
52:11 Chain Barding Armor
aerlavynah
Connection lost

Rejoining the realm…

Still unreachable

The connection could not be restored.

Session expired

The server has moved on; the page needs a fresh start.